 Dungeon Crawl Stone Soup version 0.23.2 (webtiles) character file.

Game seed: 7303295278217610460

26779 Lusmu the Carver (level 13, -8/78 HPs)
             Began as a Tengu Fighter on Apr 5, 2019.
             Was a High Priest of Nemelex Xobeh.
             Mangled by Rupert
             ... wielding a +0 vampiric executioner's axe
              (26 damage)
             ... while paralysed by Rupert
             ... on level 3 of the Lair of Beasts.
             The game lasted 01:12:51 (19239 turns).

Lusmu the Carver (Tengu Fighter)                   Turns: 19239, Time: 01:12:52

Health: -8/78      AC:  9    Str: 16    XL:     13   Next: 28%
Magic:  0/20       EV:  2    Int: 17    God:    Nemelex Xobeh [*****.]
Gold:   612        SH:  0    Dex: 19    Spells: 19/20 levels left

rFire    . . .     SeeInvis .   z - +0 long sword (elec)
rCold    + . .     Gourm    .   J - +2 shield
rNeg     . . .     Faith    .   R - +0 acid dragon scales
rPois    +         Spirit   +   (helmet restricted)
rElec    .         Reflect  .   b - scarf {Spirit}
rCorr    +         Harm     .   w - +0 pair of fencer's gloves {Riposte Dex+3}
MR       +....                  (boots unavailable)
Stlth    +++.......             n - amulet of the acrobat
HPRegen  0.23/turn              r - ring of poison resistance
MPRegen  0.17/turn              c - ring of protection from magic

@: paralysed, brilliant
A: beak, talons 3, blurry vision 1, cold resistance 1, able to fly
a: Fly, Draw Escape, Draw Destruction, Draw Summoning, Triple Draw, Deal Four,
Stack Five, Renounce Religion


You were on level 3 of the Lair of Beasts.
You worshipped Nemelex Xobeh.
Nemelex Xobeh was extremely pleased with you.
You were not hungry.

You visited 3 branches of the dungeon, and saw 15 of its levels.

You collected 1012 gold pieces.
You spent 400 gold pieces at shops.

Inventory:

Hand Weapons
 z - a +0 long sword of electrocution (weapon)
 I - a +0 blowgun
Missiles
 k - 23 tomahawks (quivered)
 u - 3 needles of paralysis
 B - 63 poisoned needles
 G - 6 javelins
 L - 3 needles of sleeping
 M - 7 curare-tipped needles
 O - 6 needles of confusion
Armour
 b - a scarf of spirit shield (worn)
 w - the +0 pair of fencer's gloves (worn) {Riposte Dex+3}
   (You bought it in a shop on level 5 of the Dungeon)

   It affects your dexterity (+3).
 J - a +2 shield (worn)
 R - +0 acid dragon scales (worn)
Jewellery
 a - a +3 ring of strength
 c - a ring of protection from magic (right hand)
 n - an amulet of the acrobat (around neck)
 p - a +3 amulet of reflection
 r - a ring of poison resistance (left hand)
Wands
 d - a wand of flame (20)
 e - a wand of disintegration (17)
 l - a wand of enslavement (9)
 y - a wand of random effects (11)
 C - a wand of digging (3)
 K - a wand of acid (11)
Scrolls
 j - 4 scrolls of enchant weapon
 m - 4 scrolls of teleportation
 o - 3 scrolls of amnesia
 t - 2 scrolls of remove curse
 x - 2 scrolls of magic mapping
 H - a scroll of identify
 N - 2 scrolls of enchant armour
Potions
 h - 2 potions of heal wounds
 i - 7 potions of curing
 q - 3 potions of lignification
 v - a potion of agility
 A - a potion of ambrosia
 T - a potion of might
Comestibles
 f - 26 rations


   Skills:
 - Level 8.0 Fighting
 - Level 10.0 Long Blades
 - Level 5.0 Throwing
 + Level 9.2 Armour
 + Level 9.2 Dodging
 - Level 5.1 Stealth
 + Level 9.1 Shields
 - Level 4.0 Spellcasting
 + Level 4.2 Hexes
 - Level 5.0 Invocations
 - Level 5.0 Evocations


You had 19 spell levels left.
You knew the following spells:

 Your Spells              Type           Power        Failure   Level  Hunger
a - Corona                Hex            ####...      1%          1    None

Your spell library contained the following spells:

 Spells                   Type           Power        Failure   Level  Hunger
 Confusing Touch          Hex            ####..       1%          1    None
 Confuse                  Hex            ####....     2%          3    ###....
 Tukima's Dance           Hex            ####....     2%          3    ###....
 Ensorcelled Hibernation  Hex/Ice        ###...       3%          2    ##.....
 Animate Skeleton         Necr           N/A          5%          1    None
 Apportation              Tloc           ##....       5%          1    None
 Beastly Appendage        Tmut           ##....       5%          1    None
 Summon Small Mammal      Summ           ##..         5%          1    None
 Dazzling Spray           Conj/Hex       ###...       7%          3    ###....
 Sticks to Snakes         Tmut           ##......     8%          2    ##.....
 Gell's Gravitas          Tloc           ##........   14%         3    ###....
 Spider Form              Tmut/Pois      ##........   14%         3    ###....
 Leda's Liquefaction      Hex/Erth       ###.......   19%         4    ####...
 Ice Form                 Ice/Tmut       ##......     38%         4    ####...
 Petrify                  Tmut/Erth      ##......     38%         4    ####...
 Metabolic Englaciation   Hex/Ice        ###.......   43%         5    ######.
 Yara's Violent Unravell  Hex/Tmut       ###.......   43%         5    ######.
 Blade Hands              Tmut           ##........   69%         5    ######.
 Bolt of Magma            Conj/Fire/Erth ##........   69%         5    ######.
 Iron Shot                Conj/Erth      ##........   99%         6    #######
 Statue Form              Tmut/Erth      ##.......    99%         6    #######
 Shatter                  Erth           ##........   100%        9    #######


Dungeon Overview and Level Annotations

Branches:
Dungeon (11/15)            Temple (1/1) D:5            Lair (3/6) D:11
  Snake (0/4) Lair:3          Orc (0/2) D:10
  Swamp: Lair:2-4    Shoals: Lair:2-4

Altars:
Ashenzari
Cheibriados
Dithmenos
Elyvilon
Fedhas
Gozag
Hepliaklqana
Kikubaaqudgha
Makhleb
Nemelex Xobeh
Okawaru
Qazlal
Ru
Sif Muna
Trog
Uskayaw
Vehumet
Wu Jian
Xom
Yredelemnul
Zin
The Shining One

Shops:
D:5 *   D:6 [

Annotations:
D:3 2 runed translucent doors, Crazy Yiuf
D:5 1 runed translucent door, kevinv12000's ghost, amateur DsTm
Lair:1 3 runed translucent doors, luab's ghost, journeyman GrFi
Lair:3 Rupert


Innate Abilities, Weirdness & Mutations

You have a beak for a mouth.
You have claws for feet.
You can fly continuously.
Scrolls take you a little longer to read.
Your flesh is cold resistant. (rC+)


Message History

Rupert is heavily wounded.
Rupert hits you with a +0 vampiric executioner's axe!!
* * * LOW HITPOINT WARNING * * *
Rupert draws strength from your wounds!
Evoke which item? (* to show all) (? for menu, Esc to quit)
Okay, then.
You draw a card...
You have drawn Wild Magic.
Nothing appears to happen.
Rupert screams, "Give me the Holy Grail!"
You draw a card...
You have drawn Vitriol.
Press: ? - help, Shift-Dir - straight line, f/p - Rupert
Aim: Rupert, wielding a +0 vampiric executioner's axe and wearing a +4 chain mail of fire resistance (moderately wounded, slow)
The bolt of acid hits Rupert!!
Rupert is splashed with acid!
The acid corrodes Rupert!
Rupert is severely wounded.
Rupert yells loudly at you.
You suddenly lose the ability to move!
Rupert hits you with a +0 vampiric executioner's axe!!
You die...
Your body glows slightly and disappears.

########### ##
........#P##.#
.............#
.............#
...(.....!...#
...........#
........@.####
........@..#P#
.............#
.............# .
.............# ..
..............# ...
...............#
.....................#
...................?.#


You could see Rupert.

Vanquished Creatures
  3 hydras
  2 two-headed ogres
  6 death yaks
  An unseen horror (D:10)
  A black mamba (Lair:1)
  A centaur zombie (D:11)
  4 spiny frogs
  A kobold demonologist (D:8)
  2 trolls
  A tengu conjurer (D:11)
  Grinder (D:3)
  5 slime creatures (D:11)
  2 hippogriffs
  Sigmund (D:6)
  A wyvern (D:9)
  27 yaks
  A hungry ghost (D:10)
  4 water moccasins
  8 porcupines
  An acid dragon (D:11)
  A black bear (D:10)
  7 orc warriors
  3 sky beasts
  4 ice beasts
  6 phantoms
  An eye of draining (D:11)
  An ogre (D:10)
  7 centaurs
  3 crocodiles
  9 bullfrogs
  17 big kobolds
  A gnoll sergeant (D:8)
  A wyvern zombie (D:7)
  A wyvern skeleton (D:11)
  A scorpion (D:5)
  34 killer bees
  8 wights
  8 howler monkeys
  4 crimson imps
  A quasit (D:3)
  3 bullfrog skeletons
  7 orc priests
  7 hounds
  6 jellies
  9 orc wizards
  8 worker ants
  Ijyb (D:5)
  5 iguanas
  2 hell rats (D:11)
  A human skeleton (D:3)
  A hound skeleton (D:6)
  A howler monkey zombie (D:11)
  3 worker ant zombies
  8 gnolls
  8 adders
  An ooze (D:3)
  An adder zombie (D:8)
  6 worms
  A dart slug (D:5)
  2 leopard geckos
  40 orcs
  3 giant cockroaches
  3 goblins
  5 hobgoblins
  7 jackals
  22 kobolds
  5 quokkas
  A ball python (D:3)
  3 bats
  4 frilled lizards
  A jackal zombie (D:6)
  A leopard gecko skeleton (D:4)
  2 quokka skeletons (D:4)
  9 rats
  A fungus (Lair:1)
379 creatures vanquished.

Vanquished Creatures (collateral kills)
  2 death yaks
  3 yaks (Lair:2)
  2 centaurs (D:11)
  2 orc wizards
  An orc priest (D:10)
  5 orcs
  2 plants (Lair:2)
17 creatures vanquished.

Vanquished Creatures (others)
  A death yak (Lair:2)
  An orc wizard (D:10)
  A ball lightning (Lair:3)
  A bush (Lair:2)
  4 fungi
  2 plants (Lair:2)
10 creatures vanquished.

Grand Total: 406 creatures vanquished

Notes
Turn   | Place    | Note
-------+----------+-------------------------------------------
     0 | D:1      | Lusmu the Tengu Fighter began the quest for the Orb.
     0 | D:1      | Reached XP level 1. HP: 14/14 MP: 2/2
   353 | D:1      | Reached XP level 2. HP: 19/19 MP: 3/3
   720 | D:2      | Reached skill level 1 in Stealth
   770 | D:2      | Found a shimmering altar of Xom.
   968 | D:2      | Found a faded altar of an unknown god.
  1072 | D:2      | Reached XP level 3. HP: 23/23 MP: 4/4
  1570 | D:3      | Noticed Grinder
  1575 | D:3      | Paralysed by Grinder for 4 turns
  1583 | D:3      | Paralysed by Grinder for 5 turns
  1590 | D:3      | Killed Grinder
  1590 | D:3      | Reached skill level 3 in Long Blades
  1590 | D:3      | Reached XP level 4. HP: 3/29 MP: 5/5
  1590 | D:3      | Gained mutation: You can fly continuously. [Tengu growth]
  1590 | D:3      | Reached XP level 5. HP: 4/33 MP: 6/6
  1590 | D:3      | Reached XP level 6. HP: 5/38 MP: 7/7
  1896 | D:3      | Found a runed translucent door.
  1896 | D:3      | Noticed a human
  1901 | D:3      | Found a basalt altar of Yredelemnul.
  2047 | D:3      | Reached skill level 4 in Long Blades
  2667 | D:3      | Found a runed translucent door.
  2668 | D:3      | Noticed Crazy Yiuf
  2718 | D:3      | Found a deep blue altar of Sif Muna.
  2720 | D:3      | Found a sacrificial altar of Ru.
  3300 | D:4      | Reached XP level 7. HP: 43/44 MP: 8/8
  4902 | D:5      | Entered Level 5 of the Dungeon
  4938 | D:5      | Reached skill level 5 in Fighting
  4938 | D:5      | Reached skill level 5 in Long Blades
  4938 | D:5      | Reached skill level 5 in Shields
  4953 | D:5      | Found Saulukoe's General Store.
  5002 | D:4      | Learned a level 1 spell: Corona
  5200 | D:5      | Found a shimmering altar of Xom.
  5254 | D:5      | Reached XP level 8. HP: 43/49 MP: 9/9
  5255 | D:5      | Noticed Ijyb
  5260 | D:5      | Killed Ijyb
  5314 | D:5      | Found a staircase to the Ecumenical Temple.
  5323 | Temple   | Entered the Ecumenical Temple
  5442 | Temple   | Became a worshipper of Nemelex Xobeh the Trickster
  5466 | D:5      | Found a runed translucent door.
  5468 | D:5      | Noticed kevinv12000's ghost (amateur DsTm)
  6077 | D:6      | Found Godadaz's Antique Armour Shoppe.
  6089 | D:6      | Noticed Sigmund
  6101 | D:6      | Killed Sigmund
  6101 | D:6      | Reached skill level 5 in Stealth
  6174 | D:6      | Reached skill level 6 in Long Blades
  6567 | D:6      | Found a shattered altar of Ashenzari.
  6575 | D:6      | Received a gift from Nemelex Xobeh
  7034 | D:6      | Reached * piety under Nemelex Xobeh
  7702 | D:7      | Reached XP level 9. HP: 49/56 MP: 8/10
  7809 | D:7      | Reached skill level 7 in Long Blades
  8015 | D:6      | Gained mutation: Scrolls take you a little longer to read.
                  | [potion of mutation]
  8015 | D:6      | Gained mutation: Your flesh is cold resistant. (rC+)
                  | [potion of mutation]
  8337 | D:7      | Reached skill level 8 in Long Blades
  8731 | D:5      | Bought the +0 pair of fencer's gloves {Riposte Dex+3} for
                  | 400 gold pieces
  8731 | D:5      | Found the +0 pair of fencer's gloves {Riposte Dex+3}
  8981 | D:8      | Found a snail-covered altar of Cheibriados.
  9007 | D:8      | Found a white marble altar of Elyvilon.
  9117 | D:8      | Reached XP level 10. HP: 63/64 MP: 9/11
  9328 | D:8      | Reached skill level 1 in Throwing
  9328 | D:8      | Reached skill level 1 in Dodging
  9423 | D:8      | Found a sparkling altar of Nemelex Xobeh.
  9914 | D:8      | Found an ornate altar of the Wu Jian Council.
  9933 | D:8      | Reached ** piety under Nemelex Xobeh
 10049 | D:8      | Noticed a kobold demonologist
 10073 | D:8      | Noticed a sixfirhy
 10084 | D:8      | Killed a kobold demonologist
 10086 | D:8      | Reached skill level 9 in Long Blades
 10357 | D:8      | Reached skill level 5 in Armour
 10615 | D:9      | Received a gift from Nemelex Xobeh
 11025 | D:9      | Reached XP level 11. HP: 52/68 MP: 10/12
 11589 | D:9      | Reached skill level 5 in Dodging
 11713 | D:9      | Found a basalt altar of Yredelemnul.
 11713 | D:9      | Found a bloodstained altar of Trog.
 11745 | D:10     | Entered Level 10 of the Dungeon
 11778 | D:10     | Reached skill level 10 in Long Blades
 12348 | D:10     | Reached skill level 5 in Throwing
 12445 | D:10     | Received a gift from Nemelex Xobeh
 12582 | D:10     | Reached *** piety under Nemelex Xobeh
 12808 | D:10     | Found a staircase to the Orcish Mines.
 13033 | D:10     | Noticed a two-headed ogre
 13047 | D:10     | Killed an unseen horror
 13232 | D:10     | Killed a two-headed ogre
 13438 | D:11     | Reached skill level 1 in Spellcasting
 13438 | D:11     | Reached skill level 1 in Invocations
 13438 | D:11     | Reached skill level 1 in Evocations
 13495 | D:11     | Found a deep blue altar of Sif Muna.
 13586 | D:11     | Noticed a two-headed ogre
 13600 | D:11     | Reached skill level 1 in Hexes
 13604 | D:11     | Killed a two-headed ogre
 14271 | D:11     | Noticed a death yak
 14273 | D:11     | Found a staircase to the Lair.
 14273 | D:11     | Noticed a death yak
 14292 | D:11     | Noticed a death yak
 14295 | D:11     | Killed a death yak
 14295 | D:11     | Reached XP level 12. HP: 71/73 MP: 16/16
 14312 | D:11     | Killed a death yak
 14312 | D:11     | Killed a death yak
 14636 | D:11     | Received a gift from Nemelex Xobeh
 15272 | Lair:1   | Entered Level 1 of the Lair of Beasts
 15634 | Lair:1   | Received a gift from Nemelex Xobeh
 15679 | Lair:1   | Reached **** piety under Nemelex Xobeh
 15870 | Lair:1   | Received a gift from Nemelex Xobeh
 15917 | Lair:1   | Noticed a seven-headed hydra
 15918 | Lair:1   | Noticed luab's ghost (journeyman GrFi)
 15925 | Lair:1   | Killed a seven-headed hydra
 16095 | Lair:1   | Found a runed translucent gate.
 16095 | Lair:1   | Found a runed translucent gate.
 16095 | Lair:1   | Found a runed translucent gate.
 16559 | Lair:2   | Noticed a death yak
 16559 | Lair:2   | Noticed a death yak
 16559 | Lair:2   | Noticed a death yak
 16559 | Lair:2   | Noticed a death yak
 16561 | Lair:2   | Noticed a death yak
 16563 | Lair:2   | Noticed a death yak
 16637 | Lair:1   | Killed a death yak
 16644 | Lair:1   | Killed a death yak
 17039 | Lair:1   | Killed a death yak
 17310 | Lair:2   | Noticed a four-headed hydra
 17709 | Lair:2   | Received a gift from Nemelex Xobeh
 17798 | Lair:2   | Killed a death yak
 17804 | Lair:2   | Identified the +0 quarterstaff of Chagrin {freeze, Dex+5}
 17828 | Lair:1   | HP: 3/109 [death yak (13)]
 17829 | Lair:1   | Killed a death yak
 18187 | Lair:2   | Killed a death yak
 18187 | Lair:2   | Reached XP level 13. HP: 78/78 MP: 20/20
 18251 | Lair:2   | Reached skill level 5 in Evocations
 18628 | Lair:3   | Found a staircase to the Snake Pit.
 18887 | Lair:3   | Reached skill level 5 in Invocations
 18910 | Lair:3   | Reached ***** piety under Nemelex Xobeh
 19206 | Lair:3   | Noticed Rupert
 19237 | Lair:3   | Paralysed by Rupert for 3 turns
 19239 | Lair:3   | Mangled by Rupert

Skill      XL: |  1  2  3  4  5  6  7  8  9 10 11 12 13 |
---------------+----------------------------------------+-----
Stealth        | 1 2 3 4 5 |  5.1
Fighting       | 4 5 6 8 |  8.0
Long Blades    | 3 4 5 6 8 9 10 | 10.0
Shields        | 4 5 6 8 9 |  9.1
Throwing       | 4 5 |  5.0
Dodging        | 4 7 8 9 |  9.2
Armour         | 5 8 9 |  9.2
Spellcasting   | 2 4 |  4.0
Invocations    | 2 4 5 |  5.0
Evocations     | 2 4 5 |  5.0
Hexes          | 2 3 4 |  4.2

Action                   |  1- 3 |  4- 6 |  7- 9 | 10-12 | 13-15 || total
-------------------------+-------+-------+-------+-------+-------++-------
Melee: Long sword        |    59 |    69 |   291 |   600 |    73 ||  1092
       Kick              |    23 |    24 |    95 |   283 |    43 ||   468
       Peck              |    12 |    12 |    59 |   176 |    26 ||   285
Throw: Stone             |    10 |       |       |       |       ||    10
       Tomahawk          |     5 |       |     1 |     9 |       ||    15
 Abil: Draw Destruction  |       |       |       |    15 |     6 ||    21
       Draw Summoning    |       |       |       |     4 |       ||     4
       Draw Escape       |       |       |       |     2 |       ||     2
Evoke: Wand              |       |       |     6 |    12 |     9 ||    27
  Use: Scroll            |     4 |       |    11 |     5 |       ||    20
       Potion            |     2 |     2 |     5 |     5 |     1 ||    15
 Stab: Sleeping          |       |       |     2 |    10 |     1 ||    13
       Distracted        |       |       |       |     1 |       ||     1
  Eat: Chunk             |     2 |     6 |    15 |    21 |     5 ||    49
       Ration            |       |       |     1 |     2 |       ||     3
Armor: Scale mail        |    29 |    30 |    87 |   100 |       ||   246
       Acid dragon scale |       |       |       |    13 |     3 ||    16
Dodge: Dodged            |    11 |    26 |    80 |   195 |    36 ||   348
Block: Shield            |    23 |    39 |   127 |   416 |    52 ||   657
       Rpst.: Long sword |     4 |     7 |    25 |   110 |    19 ||   165
